 Dungeon Crawl Stone Soup version 0.21.1-1-g345015f (webtiles) character file.

697 Kairos the Chopper (level 7, 0/53 HPs)
             Began as a Human Fighter on Apr 1, 2018.
             Slain by an orc priest
             ... wielding a +0 flail
              (5 damage)
             ... on level 4 of the Dungeon.
             The game lasted 00:10:50 (4971 turns).

Kairos the Chopper (Human Fighter)                  Turns: 4971, Time: 00:10:50

Health: 0/53       AC:  9    Str: 16    XL:     7   Next: 97%
Magic:  7/7        EV: 13    Int:  9    God:
Gold:   169        SH:  9    Dex: 14    Spells: 6/6 levels left

rFire    . . .     SeeInvis .   a - +0 war axe
rCold    . . .     Gourm    .   c - +0 shield
rNeg     . . .     Faith    .   b - +0 scale mail
rPois    .         Spirit   .   s - +0 helmet
rElec    .         Reflect  .   g - +0 cloak
rCorr    .         Harm     .   (no gloves)
MR       .....                  (no boots)
Stlth    +.........             (no amulet)
HPRegen  0.17/turn              k - +5 ring of evasion
MPRegen  0.10/turn              r - ring of stealth

@: no status effects
A: no striking features
a: no special abilities


You were on level 4 of the Dungeon.
You were not hungry.

You visited 1 branch of the dungeon, and saw 4 of its levels.

You collected 169 gold pieces.

Inventory:

Hand Weapons
 a - a +0 war axe (weapon)
 m - a cursed -2 whip
Armour
 b - a +0 scale mail (worn)
 c - a +0 shield (worn)
 g - a +0 cloak (worn)
 s - a +0 helmet (worn)
Jewellery
 k - a +5 ring of evasion (left hand)
 r - a ring of stealth (right hand)
Wands
 u - a wand of digging (10)
 v - a wand of flame (25)
 w - a wand of paralysis (20)
Scrolls
 e - 7 scrolls of remove curse
 h - 3 scrolls of teleportation {unknown}
 l - 2 scrolls of magic mapping {unknown}
 n - 4 scrolls of fog {unknown}
 o - 3 scrolls of identify {unknown}
 p - a scroll of random uselessness {unknown}
 t - a scroll of fear {unknown}
Potions
 d - 2 potions of might
 i - 2 potions of agility {unknown}
 j - a potion of berserk rage {unknown}
 q - a potion of haste {unknown}
Comestibles
 f - 5 rations


   Skills:
 + Level 3.9 Fighting
 + Level 5.4 Axes
 + Level 4.5 Armour
 + Level 2.1 Dodging
 + Level 4.9 Shields


You had 6 spell levels left.
You didn't know any spells.

Dungeon Overview and Level Annotations

Branches:
Dungeon (4/15)
 Temple: D:4-7

Altars:
Fedhas
Zin

Annotations:
D:3 exclusion: oklob plant
D:4 Eustachio, Pikel


Message History

The orc priest barely misses you. You block the giant cockroach's attack.
You hit the orc priest.
You kill the orc priest!
You closely miss the giant cockroach. You block the giant cockroach's attack.
The orc priest mumbles some strange prayers to Beogh against you.
Pain shoots through your body!
* * * LOW HITPOINT WARNING * * *
You hit the orc priest but do no damage.
You hit the giant cockroach but do no damage.
The giant cockroach bites you but does no damage. x2
The orc priest hits you with a flail!
* * * LOW HITPOINT WARNING * * *
You closely miss the orc priest. You hit the giant cockroach.
The giant cockroach completely misses you.
The orc priest hits you but does no damage.
You hit the orc priest but do no damage.
You slash the giant cockroach!
You kill the giant cockroach!
The orc priest hits you with a flail.
You die...

####.##..######.#
...............†##
...... ..........#
####.##..........#
## #.....######..#
.###.##..# #..#
.........# #..#
.###.##..# #..# .#
#.# .# #)@# .# #r#
# #o.# .# #r# #..#
.# #.# #..# .# #.#
#..# .. ... ...#
.. ... ...# #####


You could see an orc priest.

Vanquished Creatures
  The ghost of Pad the Ruffian, an amateur NaTm (D:3)
  An ogre (D:4)
  A crimson imp (D:3)
  A hound (D:3)
  Crazy Yiuf (D:2)
  2 orc priests (D:4)
  A bullfrog skeleton (D:4)
  Natasha (thrice) (D:3)
  2 worker ants (D:4)
  4 adders
  A howler monkey skeleton (D:4)
  4 gnolls (D:3)
  3 oozes
  An adder skeleton (D:4)
  2 dart slugs (D:2)
  4 leopard geckos
  2 orcs (D:4)
  4 giant cockroaches
  6 goblins
  2 hobgoblins
  7 jackals
  4 kobolds
  4 quokkas
  6 bats
  4 frilled lizards
  8 rats
  A fungus (D:3)
  A plant (D:3)
81 creatures vanquished.

Vanquished Creatures (others)
  12 toadstools (D:3)
12 creatures vanquished.

Grand Total: 93 creatures vanquished

Notes
Turn   | Place    | Note
-------+----------+-------------------------------------------
     0 | D:1      | Kairos the Human Fighter began the quest for the Orb.
     0 | D:1      | Reached XP level 1. HP: 18/18 MP: 1/1
   118 | D:1      | Reached XP level 2. HP: 21/24 MP: 2/2
   635 | D:1      | Reached XP level 3. HP: 26/29 MP: 3/3
   938 | D:2      | Found a runed door.
  1126 | D:2      | Reached XP level 4. HP: 35/35 MP: 4/4
  1647 | D:2      | Noticed Crazy Yiuf
  1654 | D:2      | Killed Crazy Yiuf
  1654 | D:2      | Reached skill level 3 in Axes
  1798 | D:3      | Found a blossoming altar of Fedhas.
  1826 | D:3      | Noticed an oklob plant
  1919 | D:3      | Reached XP level 5. HP: 41/41 MP: 5/5
  2109 | D:3      | Reached skill level 1 in Dodging
  2123 | D:3      | Noticed Natasha
  2126 | D:3      | Found a glowing silver altar of Zin.
  2145 | D:3      | Killed Natasha
  2423 | D:3      | Noticed Pad's ghost (amateur NaTm)
  2844 | D:3      | Reached XP level 6. HP: 47/47 MP: 6/6
  3343 | D:3      | Noticed Natasha
  3362 | D:3      | Killed Natasha
  3362 | D:3      | Reached skill level 4 in Axes
  3395 | D:3      | Noticed Natasha
  3403 | D:3      | Killed Natasha
  3524 | D:3      | Killed Pad's ghost
  3524 | D:3      | Reached XP level 7. HP: 13/53 MP: 7/7
  3953 | D:4      | Noticed Pikel
  4309 | D:4      | Reached skill level 5 in Axes
  4662 | D:4      | Noticed Eustachio
  4971 | D:4      | Slain by an orc priest

Skill      XL: |  1  2  3  4  5  6  7 |
---------------+----------------------+-----
Axes           | 3 4 5 |  5.4
Dodging        | 1 2 |  2.1
Shields        | 4 |  4.9
Armour         | 4 |  4.5
Fighting       | |  3.9

Action                   |  1- 3 |  4- 6 |  7- 9 || total
-------------------------+-------+-------+-------++-------
Melee: War axe           |   106 |   221 |   107 ||   434
  Use: Scroll            |     1 |       |       ||     1
       Potion            |       |     1 |       ||     1
  Eat: Chunk             |       |     5 |     2 ||     7
       Ration            |       |     1 |     1 ||     2
Armor: Scale mail        |    57 |    56 |    40 ||   153
Dodge: Dodged            |    52 |   116 |    97 ||   265
Block: Shield            |    67 |   106 |    77 ||   250
